Map: Acropolis LE

Players

Fourgate - Winner!

  • Race: Terran Terran
  • League: Platinum
  • Spawn Location: 5:00

DarwinAwdWnr

  • Race: Zerg Zerg
  • League: Gold
  • Spawn Location: 11:00

VOD

Have the link to the VOD?

Description

Time

  • Played on: June 23, 2019, 12:34 p.m.
  • Length: 18:43
Show
View Real Time Build Order
Export as new Build Order

Fourgate Terran - Winner!

Build Orders: Gas First Reaper Expand, Liberator Opening, Mech 

Get SALT Encoding   

  12  0:09  SCV  
  13  0:21  SCV, Supply Depot  
  14  0:30  Refinery  
  14  0:33  SCV  
  15  0:45  SCV  
  15  0:47  Barracks  
  16  0:57  SCV  
  17  1:10  SCV  
  18  1:22  SCV  
  19  1:35  Reaper  
  19  1:36  Orbital Command  
  20  1:56  Command Center  
  20  1:58  Supply Depot  
  20  2:02  SCV  
  20  2:07  Marine  
  22  2:11  Refinery  
  22  2:18  SCV  
  23  2:27  Bunker  
  23  2:30  Factory  
  23  2:31  Marine  
  23  2:34  SCV  
  25  2:46  SCV  
  26  2:58  SCV  
  26  3:00  Supply Depot  
  27  3:08  Orbital Command  
  27  3:10  SCV  
  28  3:16  Starport  
  28  3:17  Factory Tech Lab  
  28  3:23  SCV  
  29  3:29  Refinery  
  29  3:30  Refinery  
  29  3:35  SCV  
  29  3:36  Siege Tank, SCV  
  29  3:37  Liberator  
  29  3:38  Marine  
  35  3:47  SCV  
  37  3:48  SCV  
  40  3:59  SCV  
  41  4:04  Supply Depot  
  41  4:06  SCV  
  41  4:07  Supply Depot  
  41  4:09  Siege Tank  
  45  4:14  SCV  
  46  4:18  SCV  
  46  4:20  Liberator  
  47  4:26  SCV  
  47  4:30  SCV  
  52  4:41  Armory  
  52  4:42  SCV  
  52  4:43  SCV  
  52  4:44  Engineering Bay  
  54  4:50  Supply Depot  
  54  4:55  SCV  
  55  5:03  Liberator  
  55  5:08  SCV x2  
  57  5:24  Siege Tank  
  60  5:31  Factory  
  60  5:32  Factory  
  60  5:33  Factory, Missile Turret  
  60  5:35  Terran Vehicle Weapons Level 1  
  60  5:42  SCV  
  61  5:43  SCV  
  62  5:51  Command Center  
  62  5:54  SCV  
  62  5:55  SCV  
  64  6:01  Siege Tank  
  67  6:19  Factory Tech Lab  
  67  6:20  Factory Reactor x2  
  64  6:41  SCV x2  
  64  6:45  Thor x2  
  78  6:47  Infernal Pre-Igniter  
  78  6:53  Supply Depot  
  78  6:55  Supply Depot  
  78  6:57  Supply Depot  
  78  7:04  Viking  
  78  7:06  Hellion  
  78  7:07  Hellion x3  
  88  7:15  SCV  
  88  7:16  SCV  
  90  7:27  Missile Turret  
  90  7:28  Refinery, SCV  
  92  7:30  Refinery, SCV  
  92  7:31  Hellion x2  
  92  7:32  Hellion x4  
  92  7:34  Viking  
  92  7:36  Supply Depot x2  
  106  7:39  Supply Depot  
  106  7:40  SCV, Supply Depot  
  107  7:46  SCV  
  107  7:49  Orbital Command  
  108  7:54  Terran Vehicle Weapons Level 2, SCV  
  109  8:13  Widow Mine  
  109  8:14  Widow Mine x3  
  109  8:15  SCV x2, Command Center  
  109  8:19  SCV  
  120  8:31  SCV  
  119  8:39  Siege Tank x2  
  119  8:40  Widow Mine x3  
  119  8:41  Widow Mine, Drilling Claws  
  133  9:01  Command Center, Supply Depot  
  133  9:03  Supply Depot  
  133  9:05  Missile Turret x2  
  133  9:07  Missile Turret  
  133  9:09  Missile Turret  
  132  9:10  Missile Turret  
  118  9:35  Thor  
  118  9:36  Thor  
  118  9:37  Hellion x3  
  118  9:38  Hellion  
  126  9:39  Starport Reactor  
  126  9:50  Command Center  
  126  10:17  Command Center  
  126  10:18  SCV x2  
  126  10:19  Siege Tank x2  
  111  10:51  Siege Tank x2  
  111  10:53  Planetary Fortress  
  111  10:54  SCV x3  
  118  11:06  SCV x3  
  118  11:08  Widow Mine  
  118  11:09  Widow Mine x3  
  129  11:18  SCV x2  
  125  11:23  Siege Tank x2  
  130  11:30  Widow Mine x2  
  134  11:34  Planetary Fortress  
  134  11:38  Viking  
  134  11:39  Viking  
  111  11:55  Siege Tank x2  
  105  12:08  Viking  
  105  12:09  Viking  
  103  12:19  Widow Mine  
  103  12:20  Widow Mine x3  
  103  12:22  Missile Turret, Refinery  
  109  12:23  Missile Turret, Refinery  
  109  12:26  Planetary Fortress  
  109  12:27  Widow Mine, Siege Tank, SCV x3  
  113  12:32  Armory  
  113  12:33  Armory, Barracks  
  113  12:35  Barracks x2  
  109  12:37  Barracks  
  109  12:38  Viking, Ghost Academy  
  109  12:39  Viking, SCV x3  
  109  12:41  Widow Mine  
  103  13:01  Refinery  
  103  13:02  Refinery  
  105  13:06  Hellion x6  
  105  13:08  Viking  
  105  13:09  Viking  
  105  13:12  Missile Turret  
  119  13:19  Missile Turret  
  121  13:27  Hellion x2  
  121  13:28  Hellion x4  
  121  13:32  Missile Turret  
  131  13:39  Terran Vehicle And Ship Armor Level 1, Terran Vehicle Weapons Level 3  
  131  13:40  Terran Ship Weapons Level 1  
  131  13:44  Barracks Tech Lab  
  131  13:45  Barracks Tech Lab x3  
  131  13:47  Personal Cloaking  
  133  13:48  Hellion  
  133  13:49  Hellion x5  
  133  13:51  Command Center  
  133  13:54  Barracks Tech Lab  
  143  13:59  SCV  
  138  14:11  SCV  
  139  14:18  Ghost x5, Starport x2  
  139  14:19  Fusion Core  
  147  14:34  Hellion x5  
  155  14:46  Ghost  
  155  14:47  Ghost x2  
  151  14:59  Hellion  
  159  15:00  Hellion x5  
  159  15:01  Starport Tech Lab x2  
  157  15:13  Nuke  
  155  15:20  Ghost x5  
  155  15:21  Hellion x3  
  165  15:23  Weapon Refit  
  165  15:26  Terran Infantry Armor Level 1  
  161  15:30  Engineering Bay  
  161  15:32  SCV  
  162  15:44  SCV  
  163  15:56  SCV  
  156  16:05  Terran Ship Weapons Level 2  
  156  16:07  Battlecruiser x2  
  156  16:08  SCV  
  156  16:11  Command Center  
  155  16:26  Terran Vehicle And Ship Armor Level 2  
  143  16:44  Hellion  
  143  16:45  Ghost x5, Hellion x5  
  159  17:06  Hellion  
  161  17:11  Battlecruiser, Medivac  
  161  17:12  Medivac  
  161  17:13  Battlecruiser, Ghost  
  177  17:47  Planetary Fortress  
  177  17:48  SCV  
  177  17:49  SCV x2  
  180  17:54  Command Center  
  180  18:00  SCV  
  180  18:01  SCV  
  180  18:03  Command Center  
  182  18:09  Command Center  
Show
View Real Time Build Order
Export as new Build Order

DarwinAwdWnr Zerg 

Build Orders: Hatch First 

Get SALT Encoding   

  12  0:01  Drone  
  13  0:15  Drone  
  13  0:18  Overlord  
  16  0:50  Drone x3  
  17  1:01  Hatchery  
  16  1:05  Extractor  
  15  1:11  Spawning Pool  
  15  1:14  Drone  
  15  1:17  Drone  
  16  1:30  Drone  
  17  1:39  Drone  
  18  1:59  Zergling x2  
  18  2:00  Zergling x2  
  20  2:04  Hatchery  
  19  2:10  Drone  
  19  2:12  Metabolic Boost  
  20  2:19  Queen  
  22  2:27  Drone  
  22  2:28  Drone  
  24  2:43  Spore Crawler  
  21  2:54  Queen  
  21  2:55  Queen  
  26  2:58  Drone  
  26  2:59  Drone  
  28  3:10  Overlord x2  
  28  3:24  Drone x5  
  28  3:25  Drone  
  34  3:31  Pneumatized Carapace  
  34  3:38  Queen  
  36  3:41  Drone  
  36  3:44  Drone  
  36  3:46  Drone  
  39  4:07  Drone x11  
  50  4:20  Roach Warren  
  49  4:26  Drone  
  49  4:27  Overlord x3  
  50  4:38  Extractor  
  50  4:42  Extractor  
  50  4:44  Drone x2  
  50  4:45  Drone x7  
  50  5:37  Extractor  
  50  5:38  Spore Crawler  
  50  5:42  Spore Crawler  
  47  5:45  Drone x16  
  59  6:33  Roach x8  
  69  6:45  Roach x2  
  69  6:46  Overlord x3  
  73  6:51  Overlord x2  
  73  6:56  Lair  
  73  7:04  Queen  
  73  7:05  Queen  
  77  7:18  Roach x8  
  77  7:20  Extractor  
  77  7:21  Extractor  
  91  7:40  Queen  
  91  7:41  Hatchery, Roach x8  
  91  7:42  Roach x2  
  91  7:43  Ravager  
  91  7:44  Ravager  
  114  7:46  Overlord x2  
  114  7:59  Hatchery  
  113  8:08  Ravager  
  113  8:12  Overlord x3  
  114  8:24  Nydus Network  
  113  8:37  Ravager x10  
  113  8:38  Ravager  
  124  8:56  Roach x9  
  124  8:57  Roach  
  124  9:00  Overlord x3  
  124  9:01  Overlord x2  
  144  9:15  Nydus Canal  
  83  9:38  Roach  
  83  9:39  Roach x20  
  83  9:40  Roach  
  116  10:00  Roach x5  
  116  10:01  Roach x6  
  116  10:05  Ravager  
  139  10:17  Drone x11  
  142  10:33  Ravager x3  
  142  10:34  Ravager x2  
  145  10:37  Ravager  
  145  10:41  Overlord x2  
  147  10:42  Zergling x2  
  147  10:43  Zergling x6  
  149  11:04  Roach x9  
  162  11:17  Overlord x3  
  151  11:33  Overlord x5  
  151  11:34  Overlord x2  
  94  11:55  Roach x14  
  94  12:00  Roach  
  105  12:15  Overseer  
  97  12:27  Ravager  
  97  12:28  Ravager  
  98  12:30  Ravager  
  98  12:31  Ravager  
  99  12:57  Roach x6  
  99  12:58  Roach x14  
  116  13:20  Hydralisk Den  
  116  13:24  Roach x8  
  131  13:34  Ravager  
  132  13:35  Ravager x2  
  132  13:36  Ravager  
  132  13:37  Ravager  
  132  13:38  Ravager x2  
  138  13:45  Overlord x3  
  123  14:19  Hydralisk  
  125  14:41  Hatchery  
  111  14:49  Roach x11  
  111  14:50  Hatchery  
  132  14:55  Glial Reconstitution  
  127  15:05  Drone  
  127  15:06  Drone x2  
  127  15:07  Drone  
  122  15:45  Drone x3  
  122  15:46  Drone x4  
  125  16:08  Infestation Pit  
  116  16:13  Drone x2  
  116  16:14  Drone x3  
  105  16:49  Drone x6  
  111  17:48  Hatchery, Infestor  
  111  17:50  Overlord  
  112  18:08  Nydus Canal  
Tags
 
Add a new tag
Caveats
  • Supply blocks, unpowered buildings, or Contaminate may cause inaccurate times.
  • Supply counts are checked every 10 seconds.